 Dungeon Crawl Stone Soup version 0.24-a0-581-gc0fa660 (console) character file.

Game seed: 759140129978916653

261 vegansnacktivist the Chopper (level 5, -4/46 HPs)
             Began as a Deep Dwarf Fighter on Aug 23, 2019.
             Slain by Natasha (7 damage)
             ... on level 3 of the Dungeon.
             The game lasted 00:02:30 (1820 turns).

vegansnacktivist the Chopper (Deep Dwarf Fighter)   Turns: 1820, Time: 00:02:31

Health: -4/46      AC:  6    Str: 20    XL:     5   Next: 96%
Magic:  4/4        EV:  7    Int:  9    God:
Gold:   146        SH:  9    Dex: 12    Spells: 4/4 levels left

rFire    + . .     SeeInvis .   a - +0 war axe
rCold    . . .     Gourm    .   c - +0 shield
rNeg     . . .     Faith    .   b - +0 scale mail
rPois    .         Spirit   .   (no helmet)
rElec    .         Reflect  .   (no cloak)
rCorr    +         Harm     .   (no gloves)
MR       .....                  (no boots)
Stlth    ..........             (no amulet)
HPRegen  0.00/turn              n - ring of resist corrosion
MPRegen  0.09/turn              q - ring of protection from fire

@: non-regenerating
A: damage resistance, heal wounds, sense surroundings 1, no regeneration
a: Heal Wounds


You were on level 3 of the Dungeon.
You were not hungry.

You visited 1 branch of the dungeon, and saw 3 of its levels.

You collected 146 gold pieces.

Inventory:

Hand Weapons
 a - a +0 war axe (weapon)
Armour
 b - a +0 scale mail (worn)
 c - a +0 shield (worn)
Jewellery
 n - a ring of resist corrosion (left hand)
 q - a ring of protection from fire (right hand)
Scrolls
 e - 5 scrolls of identify {unknown}
 g - 4 scrolls of remove curse {unknown}
 h - 2 scrolls of teleportation {unknown}
 j - a scroll of fear {unknown}
 k - a scroll of enchant weapon {unknown}
Potions
 d - a potion of might
 i - a potion of degeneration {unknown}
 l - a potion of lignification {unknown}
 m - a potion of curing {unknown}
 p - a potion of resistance {unknown}
Comestibles
 f - 5 rations
 o - 3 chunks of flesh


   Skills:
 - Level 2.6 Fighting
 + Level 6.9 Axes
 - Level 3.2 Armour
 - Level 3.2 Shields


You had 4 spell levels left.
You didn't know any spells.
Your spell library was empty.

Dungeon Overview and Level Annotations

Branches:
Dungeon (3/15)

Altars:
Gozag
Ru

Annotations:
D:3 Natasha


Innate Abilities, Weirdness & Mutations

You are resistant to damage.
You can heal yourself by infusing magical energy.
You passively map a small area around you.
You do not regenerate.


Message History

You open the door.
There is an open door here.
Natasha, Servant of Life and Death comes into view.
Natasha hisses angrily.
Natasha is nearby!
Natasha is nearby!
Natasha stares at you and mumbles some strange words.
The magic dart hits you!
* * * LOW HITPOINT WARNING * * *
Natasha barely misses you.
You hit Natasha.
Natasha is moderately wounded.
You block Natasha's attack. x2
You closely miss Natasha.
Natasha is moderately wounded.
Natasha mumbles some strange words.
Your scale mail prevents you from hitting Natasha.
Natasha is moderately wounded.
Natasha claws you!
You die...

#.#####..##.##....##
#.# #........####
#*#####.# ##.##.####
. ...#.# #.....#,
*#.#.#########.#
#####.............#
...........).####<#,
####.........######.#
#............@h..#
#..............5.#
#........#########
#........# #........#
#....##### ####.##.#
........# #########


You could see an iron imp and Natasha.

Vanquished Creatures
  A centaur (D:3)
  An orc wizard (D:3)
  3 gnolls (D:3)
  5 adders
  2 oozes (D:2)
  A worm (D:3)
  2 dart slugs
  3 leopard geckos
  3 orcs (D:3)
  3 giant cockroaches
  6 goblins
  4 hobgoblins
  12 kobolds
  A quokka (D:2)
  A ball python (D:1)
  4 bats
  5 frilled lizards
  6 rats
63 creatures vanquished.

Notes
Turn   | Place    | Note
-------+----------+-------------------------------------------
     0 | D:1      | vegansnacktivist the Deep Dwarf Fighter began the quest for
                  | the Orb.
     0 | D:1      | Reached XP level 1. HP: 20/20 MP: 1/1
    97 | D:1      | Reached skill level 3 in Axes
    97 | D:1      | Reached XP level 2. HP: 27/27 MP: 2/2
   866 | D:2      | Reached XP level 3. HP: 28/33 MP: 3/3
   915 | D:2      | Reached skill level 4 in Axes
  1025 | D:2      | Found an opulent altar of Gozag.
  1103 | D:2      | Reached XP level 4. HP: 26/40 MP: 4/4
  1114 | D:2      | Reached skill level 5 in Axes
  1371 | D:3      | Noticed a centaur
  1382 | D:3      | Killed a centaur
  1382 | D:3      | Reached skill level 6 in Axes
  1382 | D:3      | Reached XP level 5. HP: 27/46 MP: 4/4
  1784 | D:3      | Found a sacrificial altar of Ru.
  1814 | D:3      | Noticed Natasha
  1820 | D:3      | Slain by Natasha

Levels and vault maps discovered:
D:1:      sevenhm_arrival_forest_fort_large_4, layout_basic,
          hangedman_abyss_or_decor_lesser_grid
D:2:      layout_basic, grunt_gozag_breadcrumbs
D:3:      layout_basic, lemuel_doored_altar, uniq_natasha

Skill      XL: |  1  2  3  4 |
---------------+-------------+-----
Axes           | 3 4 6 |  6.9
Fighting       | |  2.6
Armour         | |  3.2
Shields        | |  3.2

Action                   |  1- 3 |  4- 6 || total
-------------------------+-------+-------++-------
Melee: War axe           |   127 |    98 ||   225
 Abil: Heal Wounds       |       |     1 ||     1
  Eat: Chunk             |     1 |     2 ||     3
Armor: Scale mail        |    64 |    30 ||    94
Dodge: Dodged            |    45 |    27 ||    72
Block: Shield            |    65 |    46 ||   111

Table legend:
 A = Non-vault XP
 B = Vault XP
 C = Vault XP percentage of total XP
 D = Non-vault monster count
 E = Vault monster count
 F = Vault count percentage of total count
                 A         B        C        D         E       F
            +---------+---------+-------+---------+---------+-------
      Total |     373 |       0 |   0.0 |      63 |       0 |   0.0
            +---------+---------+-------+---------+---------+-------
        D:1 |      33 |       0 |   0.0 |      18 |       0 |   0.0
        D:2 |      83 |       0 |   0.0 |      24 |       0 |   0.0
        D:3 |     257 |       0 |   0.0 |      21 |       0 |   0.0
            +---------+---------+-------+---------+---------+-------
